 Dungeon Crawl Stone Soup version 0.31-a0-1570-g93c622d222 (webtiles) character file.

Game seed: 2441549962481980226

1781 pokeman the Thaumaturge (level 8, -3/44 HPs)
             Began as a Deep Elf Hedge Wizard on Jan 4, 2024.
             Slain by a sleepcap (17 damage)
             ... on level 6 of the Dungeon.
             The game lasted 00:12:32 (6763 turns).

pokeman the Thaumaturge (Deep Elf Hedge Wizard)     Turns: 6763, Time: 00:12:33

Health: -3/44      AC:  5    Str:  7    XL:     8   Next: 81%
Magic:  8/24       EV:  2    Int: 22    God:
Gold:   297        SH:  0    Dex: 20    Spells: 13/27 levels left

rFire   . . .        i - +2 war axe (elec)
rCold   . . .        (no shield)
rNeg    . . .        h - +0 leather armour of Ekhlum {+Inv}
rPois   .            c - +0 hat
rElec   .            (no cloak)
rCorr   .            e - +0 pair of gloves
SInv    .            o - +0 pair of boots
Will    .....        (no amulet)
Stlth   ++           g - +6 ring of dexterity
HPRegen 0.27/turn    (no ring)
MPRegen 0.19/turn

%: no passive effects
@: sleeping
A: no striking features
a: Evoke Invisibility


You were on level 6 of the Dungeon.
You visited 1 branch of the dungeon, and saw 6 of its levels.

You collected 297 gold pieces.

Inventory:

Hand Weapons
 i - a +2 war axe of electrocution (weapon)
 n - a +1 short sword of venom
Armour
 c - a +0 hat (worn)
 e - a +0 pair of gloves (worn)
 h - the +0 leather armour of Ekhlum (worn) {+Inv}
   (You found it on level 2 of the Dungeon)

   +Inv:      It lets you turn invisible.
 o - a +0 pair of boots (worn)
Jewellery
 g - a +6 ring of dexterity (left hand)
 p - a +6 ring of intelligence
Wands
 t - a wand of charming (5)
Scrolls
 a - 2 scrolls of revelation {unknown}
 f - 3 scrolls of identify {unknown}
 k - 2 scrolls of teleportation {unknown}
 l - 3 scrolls of blinking {unknown}
 m - a scroll of fog {unknown}
 s - a scroll of summoning {unknown}
 v - a scroll of vulnerability {unknown}
 w - a scroll of brand weapon {unknown}
Potions
 b - a potion of attraction {unknown}
 d - 3 potions of magic
 j - a potion of curing {unknown}
 q - 2 potions of brilliance {unknown}
 r - 2 potions of degeneration {unknown}
 u - a potion of resistance {unknown}
 x - a potion of might {unknown}


   Skills:
 - Level 2.0 Fighting
 + Level 2.4 Armour
 - Level 3.0 Dodging
 - Level 3.0 Stealth
 * Level 10.1 Spellcasting
 + Level 5.4 Conjurations
 - Level 1.1 Summonings
 - Level 1.1 Translocations
 - Level 2.1 Air Magic
 + Level 4.0 Earth Magic
 - Level 2.2 Alchemy
 - Level 2.2 Evocations


You had 13 spell levels left.
You knew the following spells:

 Your Spells              Type           Power      Damage    Failure   Level
a - Magic Dart            Conj           100%       1d8       1%          1
b - Mephitic Cloud        Conj/Alch/Air  25%        N/A       7%          3
c - Call Imp              Summ           30%        N/A       9%          2
d - Blink                 Tloc           30%        N/A       9%          2
e - Stone Arrow           Conj/Erth      64%        3d11      3%          3
f - Swiftness             Air            20%        N/A       11%         3

Your spell library contained the following spells:

 Spells                   Type           Power      Damage    Failure   Level
 Sandblast                Erth           58%        2d13      1%          1
 Shock                    Conj/Air       100%       1d9       1%          1
 Passwall                 Erth           29%        N/A       4%          3
 Cigotuvi's Dreadful Rot  Necr/Alch/Air  34%        N/A       8%          2
 Slow                     Hex            44%        N/A       9%          1
 Brom's Barrelling Bould  Conj/Erth      32%        2d5       12%         4
 Jinxbite                 Hex            22%        N/A       13%         2
 Fugue of the Fallen      Necr           11%        N/A       26%         3
 Ozocubu's Armour         Ice            11%        N/A       26%         3
 Airstrike                Air            10%        2d(2-18)  36%         4
 Manifold Assault         Tloc           15%        N/A       50%         4
 Yara's Violent Unravell  Hex/Alch       8%         3d5       83%         5
 Enfeeble                 Hex            5%         N/A       100%        7


Dungeon Overview and Level Annotations

Branches:
Dungeon (6/15)
 Temple: D:4-7

Altars:


Message History

The orc wizard closely misses itself.
Unknown command.
You hit the orc wizard.
The orc wizard is heavily wounded.
The orc wizard closely misses you.
Unknown command.
You hit the orc wizard.
The orc wizard is heavily wounded.
The orc wizard closely misses you.
Unknown command.
You hit the orc wizard.
The orc wizard is almost dead.
An orc wizard comes into view. It is wielding a +0 dagger.
The orc wizard barely misses you.
The orc wizard hits itself with a +0 dagger.
Unknown command.
Casting: Mephitic Cloud (dangerous; 7% risk of failure)
Confirm with . or Enter, or press ? or * to list all spells.
A tiny devil pulls itself out of the air.
The orc wizard shouts!
Unknown command.
You closely miss the orc wizard.
The orc wizard is almost dead.
The orc wizard hits itself with a +0 dagger.
The orc wizard is killed!
Unknown command.
You closely miss the orc.
Your cerulean imp closely misses the orc.
The orc barely misses you.
Your cerulean imp barely misses the orc.
Unknown command.
You slash the orc! Lightning courses through the orc!!
You kill the orc!
Your cerulean imp hits the sleepcap but does no damage.
The sleepcap releases spores at you.
You are engulfed in a cloud of soporific spores!
You fall asleep.
Your cerulean imp hits the sleepcap from afar with a -3 spear.
The sleepcap releases spores at you!
You die...

####.....o.#...###
................
##..##.#o##..#.#
#..<........#.#
#.######.†..#.# ..
............#.#
...
########...oo.#
### ######.)#...#
#5@fo)†.....#
######.###..# ....
... #.### ## #.#
..# ..# ..


You could see a sleepcap (ally target), an orc wizard and a friendly cerulean
imp (summoned).

Vanquished Creatures
  Prince Ribbit (D:5)
  Eustachio (D:4)
  2 black bears
  An ogre (D:5)
  A phantom (D:5)
  A bullfrog (D:6)
  Blork the orc (D:4)
  2 scorpions
  A howler monkey (D:4)
  A sleepcap (D:5)
  3 hounds
  3 jellies
  3 orc priests
  Ijyb (D:4)
  A gnoll bouda (D:5)
  Natasha (thrice) (D:2)
  6 iguanas
  An orc wizard (D:6)
  3 gnolls (D:5)
  5 adders
  A shadow imp (D:6)
  3 dart slugs
  A ribbon worm (D:4)
  13 orcs
  4 ball pythons
  4 bats
  12 endoplasms
  4 giant cockroaches
  8 goblins
  6 hobgoblins
  4 jackals (D:1)
  6 kobolds
  2 quokkas (D:1)
  A frilled lizard (D:3)
  5 rats
115 creatures vanquished.

Vanquished Creatures (collateral kills)
  An orc priest (D:6)
1 creature vanquished.

Grand Total: 116 creatures vanquished

Notes
Turn   | Place    | Note
-------+----------+-------------------------------------------
     0 | D:1      | pokeman the Deep Elf Hedge Wizard began the quest for the
                  | Orb.
     0 | D:1      | Reached XP level 1. HP: 10/10 MP: 7/7
   306 | D:1      | Reached XP level 2. HP: 11/16 MP: 1/9
   676 | D:1      | Reached skill level 5 in Spellcasting
   853 | D:1      | Reached XP level 3. HP: 20/20 MP: 8/11
   857 | D:1      | Learned a level 3 spell: Mephitic Cloud
   860 | D:1      | Learned a level 2 spell: Call Imp
   863 | D:1      | Learned a level 2 spell: Blink
  1422 | D:1      | Reached skill level 1 in Armour
  1935 | D:2      | Identified the +0 leather armour of Ekhlum {+Inv}
  1968 | D:2      | Reached skill level 1 in Fighting
  2092 | D:2      | You fall into a shaft and drop 2 floors!
  2135 | D:4      | Reached XP level 4. HP: 25/25 MP: 4/13
  2166 | D:4      | Noticed a scorpion
  2183 | D:4      | Killed a scorpion
  2184 | D:4      | Reached skill level 6 in Spellcasting
  2184 | D:4      | Reached XP level 5. HP: 27/29 MP: 0/15
  2283 | D:4      | Noticed Blork the orc
  2300 | D:4      | Killed Blork the orc
  2301 | D:4      | Reached skill level 1 in Air Magic
  2301 | D:4      | Reached skill level 1 in Alchemy
  2301 | D:4      | Reached skill level 1 in Evocations
  2312 | D:4      | Reached XP level 6. HP: 34/34 MP: 4/17
  2961 | D:2      | Found a faded altar of an unknown god.
  3205 | D:2      | Noticed Natasha
  3208 | D:2      | Killed Natasha
  3376 | D:2      | Noticed Natasha
  3380 | D:2      | Killed Natasha
  3577 | D:2      | Noticed Natasha
  3581 | D:2      | Killed Natasha
  3706 | D:3      | Learned a level 3 spell: Stone Arrow
  4304 | D:4      | Reached skill level 7 in Spellcasting
  4671 | D:4      | Noticed Eustachio
  4677 | D:4      | Killed Eustachio
  4678 | D:4      | Reached skill level 1 in Earth Magic
  4678 | D:4      | Reached XP level 7. HP: 38/38 MP: 15/19
  4708 | D:4      | Noticed Ijyb
  4721 | D:4      | Killed Ijyb
  5166 | D:4      | Learned a level 3 spell: Swiftness
  5178 | D:5      | Entered Level 5 of the Dungeon
  5238 | D:5      | Noticed Prince Ribbit
  5246 | D:5      | Killed Prince Ribbit
  5247 | D:5      | Reached skill level 8 in Spellcasting
  5280 | D:5      | Reached XP level 8. HP: 7/44 MP: 17/22
  6123 | D:5      | Reached skill level 9 in Spellcasting
  6332 | D:5      | Reached skill level 5 in Conjurations
  6723 | D:6      | Reached skill level 10 in Spellcasting
  6763 | D:6      | Slain by a sleepcap

Illustrated notes

Levels and vault maps discovered:
D:1:      dpeg_arrival_morbid_curiosity, layout_loops_corners, minivault_19,
          minmay_misc_feat_square, minmay_hedge_maze, hex_tiny,
          minmay_tree_intersection
D:2:      layout_basic, chequers_ecumenical_altar_simple, uniq_natasha
D:3:      layout_basic
D:4:      layout_basic, chequers_serial_rivers_large_a, uniq_blork_the_orc,
          uniq_eustachio, uniq_ijyb
D:5:      layout_basic, lemuel_flamethrower_1, uniq_prince_ribbit1
D:6:      layout_basic, serial_shops, shop, uniq_sigmund, uniq_menkaure

Skill      XL: |  1  2  3  4  5  6  7  8 |
---------------+-------------------------+-----
Spellcasting   | 5 6 7 8 10 | 10.1
Armour         | 1 2 |  2.4
Fighting       | 1 2 |  2.0
Conjurations   | 2 3 4 5 |  5.4
Dodging        | 3 |  3.0
Stealth        | 3 |  3.0
Air Magic      | 1 2 |  2.1
Alchemy        | 1 2 |  2.2
Evocations     | 1 2 |  2.2
Earth Magic    | 1 2 4 |  4.0
Summonings     | |  1.1
Translocations | |  1.1

Action                     |  1- 3 |  4- 6 |  7- 9 || total
---------------------------+-------+-------+-------++-------
  Melee: Dagger            |     5 |    11 |       ||    16
         War axe           |       |    17 |    73 ||    90
         Punch             |       |       |     1 ||     1
   Cast: Magic Dart        |    95 |    83 |    78 ||   256
         Mephitic Cloud    |       |     8 |    19 ||    27
         Blink             |       |     1 |     1 ||     2
         Call Imp          |       |       |     4 ||     4
   Stab: Confused          |       |     3 |    14 ||    17
 Armour: Robe              |    14 |       |       ||    14
         Leather armour    |       |    16 |    40 ||    56
  Dodge: Dodged            |    18 |    24 |    46 ||    88

Table legend: (Time is in decaauts)
 A = Elapsed time spent in this place.
 B = Non-inter-level travel time spent in this place.
 C = Inter-level travel time spent in this place.
 D = Time resting spent in this place.
 E = Time spent auto-exploring this place.
 F = Levels seen in this place.
 G = Mean time per level.
                   A        B        C        D        E       F      G
               +--------+--------+--------+--------+--------+-----+--------+
         Total |   6812 |   6620 |    192 |    221 |   5544 |   6 | 1135.3 |
       Dungeon |   6812 |   6620 |    192 |    221 |   5544 |   6 | 1135.3 |
               +--------+--------+--------+--------+--------+-----+--------+

Top non-repeatable levels by time:
     D:1: 1906 daAuts
     D:5: 1514 daAuts
     D:4: 1237 daAuts
     D:2: 1189 daAuts
     D:3: 860 daAuts
     D:6: 104 daAuts
